Map: [ESL] Ghost River

Players

Spatz

  • Race: Protoss Protoss
  • Spawn Location: 11:00

SKillous - Winner!

  • Race: Protoss Protoss
  • Spawn Location: 1:00

Event: ESL SC2 Masters 2024 Spring (Regional)

VOD

Have the link to the VOD?

Description

Time

  • Played on: April 11, 2024, 10:15 a.m.
  • Length: 11:28

All games in this series

Show
View Real Time Build Order
Export as new Build Order

Spatz Protoss 

Build Orders:  

Get SALT Encoding   

  12  0:00  Probe  
  13  0:12  Probe  
  14  0:17  Pylon  
  14  0:24  Probe (Chrono Boost)  
  16  0:36  Probe (Chrono Boost), Gateway  
  16  0:42  Probe (Chrono Boost)  
  16  0:45  Assimilator  
  17  0:51  Probe  
  17  0:54  Assimilator  
  18  1:03  Probe (Chrono Boost)  
  19  1:07  Gateway  
  20  1:12  Probe (Chrono Boost)  
  20  1:17  Probe (Chrono Boost)  
  20  1:23  Cybernetics Core  
  21  1:29  Probe  
  22  1:34  Pylon  
  22  1:41  Probe  
  24  1:59  Robotics Facility, Adept  
  24  2:00  Adept  
  27  2:03  Probe  
  27  2:07  Warp Gate (Chrono Boost)  
  28  2:29  Stalker  
  30  2:33  Pylon  
  30  2:51  Immortal (Chrono Boost)  
  30  2:53  Shield Battery  
  34  3:02  Stalker x2  
  38  3:10  Pylon  
  38  3:26  Warp Prism (Chrono Boost)  
  39  3:40  Probe  
  38  3:53  Stalker x2  
  42  3:55  Gateway  
  42  3:56  Observer  
  43  4:04  Pylon  
  42  4:22  Stalker  
  42  4:23  Probe  
  43  4:24  Stalker  
  44  4:35  Probe  
  45  4:39  Observer  
  46  4:46  Stalker  
  46  4:47  Stalker  
  46  4:49  Probe  
  51  4:59  Pylon  
  51  5:10  Sentry x2  
  55  5:17  Probe  
  56  5:23  Stalker  
  58  5:29  Probe  
  59  5:43  Stalker x2  
  62  5:58  Probe  
  63  6:10  Pylon  
  63  6:29  Nexus  
  63  6:31  Probe  
  63  6:32  Sentry x2  
  68  6:43  Probe  
  67  6:55  Probe  
  67  6:59  Pylon  
  68  7:01  Adept  
  68  7:07  Twilight Council, Probe  
  71  7:09  Pylon  
  71  7:19  Probe  
  66  7:24  Adept x2  
  66  7:27  Adept  
  72  7:32  Probe  
  73  7:38  Charge (Chrono Boost)  
  73  7:41  Probe  
  73  7:44  Probe  
  75  7:54  Probe  
  75  7:57  Assimilator  
  76  7:58  Shield Battery  
  76  7:59  Probe  
  77  8:06  Probe  
  77  8:11  Probe  
  79  8:18  Probe  
  80  8:24  Probe  
  81  8:29  Gateway  
  81  8:31  Probe  
  81  8:33  Gateway  
  82  8:35  Gateway  
  83  8:44  Stalker x2  
  83  8:45  Sentry  
  84  9:01  Nexus  
  84  9:07  Probe x2  
  84  9:09  Pylon  
  86  9:15  Templar Archives  
  86  9:19  Probe  
  87  9:28  Probe (Chrono Boost)  
  87  9:31  Probe (Chrono Boost)  
  87  9:33  Assimilator  
  89  9:42  Zealot x3, Probe x2 (Chrono Boost)  
  89  9:44  Pylon  
  97  9:52  Probe  
  97  9:53  Probe  
  97  9:56  High Templar  
  97  9:57  High Templar, Observer  
  101  10:02  Archon  
  101  10:04  Shield Battery  
  101  10:05  Probe x2  
  104  10:14  High Templar x2  
  106  10:16  Archon  
  106  10:17  Probe x2  
  106  10:18  Archon  
  106  10:19  Probe  
  107  10:28  Pylon  
  107  10:35  Zealot x4  
  103  10:41  Probe  
  75  10:50  Zealot x2  
  63  10:59  Zealot, High Templar x2  
  63  11:00  Zealot  
  63  11:03  Archon  
  70  11:11  High Templar x2  
  70  11:15  Archon  
  73  11:24  Zealot  
Show
View Real Time Build Order
Export as new Build Order

SKillous Protoss - Winner!

Build Orders: Oracle Opening 

Get SALT Encoding   

  12  0:00  Probe  
  13  0:12  Probe  
  14  0:17  Pylon  
  14  0:24  Probe  
  15  0:35  Gateway  
  15  0:36  Probe (Chrono Boost)  
  16  0:45  Probe (Chrono Boost)  
  16  0:46  Assimilator  
  17  0:51  Probe (Chrono Boost)  
  17  0:54  Assimilator  
  18  1:03  Probe (Chrono Boost)  
  19  1:08  Gateway  
  20  1:12  Probe (Chrono Boost)  
  20  1:17  Probe (Chrono Boost)  
  20  1:22  Cybernetics Core  
  21  1:29  Probe  
  22  1:33  Pylon  
  22  1:41  Probe  
  23  1:53  Probe  
  24  1:59  Stalker x2  
  24  2:00  Warp Gate  
  28  2:10  Pylon  
  29  2:20  Stargate  
  28  2:23  Probe  
  29  2:35  Probe  
  30  2:47  Stalker x2, Probe  
  35  2:54  Shield Battery  
  35  2:59  Pylon  
  35  3:00  Probe  
  35  3:03  Oracle (Chrono Boost)  
  39  3:18  Shield Battery  
  39  3:21  Probe  
  40  3:33  Probe  
  44  3:40  Void Ray (Chrono Boost)  
  45  3:52  Pylon, Shield Battery  
  45  3:54  Robotics Facility  
  45  4:01  Pylon, Stalker  
  47  4:11  Pylon  
  47  4:14  Stalker  
  49  4:30  Sentry  
  52  4:34  Pylon  
  51  4:41  Probe  
  51  4:42  Immortal (Chrono Boost)  
  51  4:43  Zealot  
  58  4:54  Pylon, Probe  
  59  5:05  Adept x2  
  59  5:06  Probe  
  64  5:16  Immortal  
  68  5:28  Adept x2  
  68  5:34  Pylon  
  68  5:35  Probe  
  64  6:02  Sentry x2  
  64  6:03  Nexus  
  68  6:07  Shield Battery  
  68  6:12  Shield Battery  
  68  6:15  Probe  
  69  6:27  Immortal (Chrono Boost)  
  73  6:33  Probe  
  73  6:39  Sentry  
  74  6:45  Probe  
  69  6:56  Warp Prism (Chrono Boost)  
  69  6:57  Probe  
  70  7:07  Sentry, Stalker  
  74  7:16  Probe  
  74  7:21  Probe  
  74  7:25  Twilight Council  
  74  7:34  Stalker  
  74  7:35  Probe x2, Shield Battery  
  78  7:37  Assimilator  
  78  7:40  Assimilator  
  78  7:52  Probe x2  
  78  7:57  Stalker x2  
  84  7:59  Pylon  
  84  8:06  Gateway  
  82  8:13  Warp Prism (Chrono Boost)  
  82  8:14  Gateway  
  84  8:21  Blink (Chrono Boost)  
  84  8:23  Sentry x2  
  88  8:35  Gateway  
  88  8:37  Shield Battery  
  88  8:47  Probe  
  88  8:48  Probe  
  87  8:57  Stalker x2  
  87  8:59  Observer, Probe  
  87  9:01  Stalker  
  95  9:03  Pylon, Probe  
  95  9:07  Shield Battery  
  96  9:18  Stalker  
  98  9:27  Stalker x2  
  102  9:31  Pylon, Stalker  
  102  9:34  Stalker  
  106  9:41  Pylon  
  106  9:45  Phoenix  
  106  9:51  Stalker x2  
  110  10:07  Stalker x3  
  110  10:09  Probe  
  111  10:36  Stalker x5  
  111  10:42  Observer  
  91  11:01  Stalker  
  91  11:02  Stalker x4  
Tags
 
Add a new tag
Caveats
  • Supply blocks, unpowered buildings, or Contaminate may cause inaccurate times.
  • Supply counts are checked every 10 seconds.